 Dungeon Crawl Stone Soup version 0.30-a0-1094-g860fb061e7 (webtiles) character file.

Game seed: 15059408965522011014

498 jasper the Magician (level 6, -31/41 HPs)
             Began as a Demonspawn Earth Elementalist on Apr 17, 2023.
             Engulfed by a cloud of flame (41 damage)
             ... in a sewer.
             The game lasted 00:07:07 (2859 turns).

jasper the Magician (Demonspawn Earth Elementalist) Turns: 2859, Time: 00:07:08

Health: -31/41     AC: 10    Str:  8    XL:     6   Next: 94%
Magic:  16/21      EV: 12    Int: 18    God:
Gold:   16         SH:  0    Dex: 14    Spells: 2/13 levels left

rFire   . . .      SeeInvis .    q - +1 whip
rCold   . . .      Faith    .    (no shield)
rNeg    . . .      Spirit   .    a - +0 robe
rPois   .          Reflect  .    s - +2 helmet
rElec   .          Rampage  .    (no cloak)
rCorr   .                        (no gloves)
Will    .....                    p - +1 pair of boots
Stlth   ++                       (no amulet)
HPRegen 0.26/turn                n - ring of magical power
MPRegen 0.34/turn                (no ring)

@: no status effects
A: icy blue scales 2, magic regeneration
a: no special abilities


You were in a sewer.
You visited 1 branch of the dungeon, and saw 4 of its levels.
You also visited: Sewer.

You collected 198 gold pieces.
You spent 182 gold pieces at shops.

Inventory:

Hand Weapons
 l - a +0 dagger
 q - a +1 whip (weapon)
Armour
 a - a +0 robe (worn)
 p - a +1 pair of boots (worn)
 s - a +2 helmet (worn)
Magical Staves
 r - a staff of conjuration
Jewellery
 n - a ring of magical power (left hand)
Scrolls
 c - a scroll of fog {unknown}
 g - a scroll of magic mapping
 i - 2 scrolls of enchant weapon
 k - a scroll of identify
 v - a scroll of teleportation
Potions
 b - a potion of magic
 d - 2 potions of haste
 e - a potion of resistance {unknown}
 f - 2 potions of might
 h - 2 potions of cancellation
 j - 4 potions of curing
 m - a potion of lignification {unknown}


   Skills:
 - Level 1.7 Dodging
 - Level 1.7 Stealth
 - Level 4.4 Spellcasting
 + Level 1.8 Conjurations
 + Level 1.5 Translocations
 - Level 0.8 Transmutations
 + Level 1.7 Air Magic
 + Level 4.4 Earth Magic
 + Level 1.7 Poison Magic


You had 2 spell levels left.
You knew the following spells:

 Your Spells              Type           Power      Damage    Failure   Level
a - Sandblast             Erth           38%        2d10      2%          1
b - Passwall              Tmut/Erth      10%        N/A       8%          2
c - Stone Arrow           Conj/Erth      30%        3d8       12%         3
d - Blink                 Tloc           18%        N/A       11%         2
e - Mephitic Cloud        Conj/Pois/Air  10%        N/A       21%         3

Your spell library contained the following spells:

 Spells                   Type           Power      Damage    Failure   Level
 Magic Dart               Conj           40%        1d5       7%          1
 Searing Ray              Conj           20%        2d5       10%         2
 Call Imp                 Summ           6%         N/A       22%         2
 Ensorcelled Hibernation  Hex/Ice        6%         N/A       22%         2
 Spider Form              Tmut/Pois      8%         N/A       26%         3
 Petrify                  Tmut/Erth      13%        N/A       43%         4
 Manifold Assault         Tloc           9%         N/A       58%         4
 Fulminant Prism          Conj/Hex       3%         3d5       67%         4
 Anguish                  Hex/Necr       1%         N/A       80%         4
 Storm Form               Tmut/Air       4%         N/A       100%        7


Dungeon Overview and Level Annotations

Branches:
Dungeon (4/15)              Sewer (1/1)
 Temple: D:4-7

Altars:

Shops:
D:3 ?


Innate Abilities, Weirdness & Mutations

You are mostly covered in icy blue scales. (AC +3)
You regenerate magic rapidly.


Message History

Press: ? - help, Shift-Dir - straight line The ball explodes into a vile cloud!
You hear an angry hiss.
A rat comes into view.
You now have 17/21 mp.
A rat comes into view.
A river rat comes into view.
Aiming: Sandblast (safe; 2% risk of failure)
Press: ? - help, Q - select action, (/) - cycle Shift-Dir - straight line, f - river rat
Aim: a river rat (80% to hit)
The blast of sand hits the river rat!
The river rat is severely wounded.
A rat comes into view.
A ball python comes into view.
You now have 18/21 mp.
Aiming: Sandblast (safe; 2% risk of failure)
Press: ? - help, Q - select action, (/) - cycle Shift-Dir - straight line, f/p - river rat
Aim: a river rat (severely wounded, 80% to hit)
The blast of sand hits the river rat.
You kill the river rat!
The ball python hisses angrily.
A ball python comes into view.
Aiming: Sandblast (safe; 2% risk of failure)
Press: ? - help, Q - select action, (/) - cycle Shift-Dir - straight line, f - ball python
Aim: a ball python (80% to hit)
The blast of sand misses the ball python.
A river rat comes into view.
You now have 17/21 mp.
Casting: Sandblast (safe; 2% risk of failure)
Confirm with . or Enter, or press ? or * to list all spells.
Aiming: Sandblast (safe; 2% risk of failure)
Press: ? - help, Shift-Dir - straight line, f - adder, p - ball python
Aim: an adder (inner flame, 70% to hit)
The blast of sand hits the adder!
The adder explodes!
The fiery explosion engulfs you!!
Ouch! That really hurt!
* * * LOW HITPOINT WARNING * * *
You are engulfed in blazing flames.
Ouch! That really hurt!
You die...

##### #∩..## ##### ####
##...######..#####..∩# ####
#..###......#####..##...######...
..............##.......#####.....
........................##.......
..............°..................
~~~~~..~......○☼..............~~.
~~~~~~~~....☼○.☼....~~....~~.~~~~
≈≈≈≈≈≈~~~~~~~°.§@§S..~~~~~~~~~~~≈
≈≈≈≈≈≈≈≈≈~~~~☼~§§§~.~~≈≈≈≈≈≈≈≈≈≈≈
≈≈≈≈≈≈≈≈≈≈≈≈~~~§§§§~○≈≈≈≈≈≈≈≈≈≈≈≈
≈≈≈≈≈≈≈≈≈≈~~~r~~r~°☼○r~≈≈≈≈≈≈≈≈≈≈
≈≈≈≈≈~~~~~~....~~~§.§r~~~~~~~~≈≈≈
≈~~~~.~~~rS.........~..
~##~.....##...........
.....r####........## ......
#.......##


You could see 2 river rats, 2 ball pythons and 4 rats.

Vanquished Creatures
  2 phantoms (D:4)
  A kobold brigand (Sewer)
  An orc priest (D:4)
  An iguana (D:4)
  An orc wizard (D:4)
  3 river rats (Sewer)
  9 adders
  3 worms
  A dart slug (D:1)
  7 orcs (D:4)
  9 endoplasms
  3 giant cockroaches
  4 goblins (D:1)
  5 hobgoblins
  3 quokkas
  8 ball pythons
  7 bats
  5 frilled lizards
  5 kobolds
  10 rats
88 creatures vanquished.

Vanquished Creatures (others)
  4 fungi (D:2)
  6 plants (D:2)
10 creatures vanquished.

Grand Total: 98 creatures vanquished

Notes
Turn   | Place    | Note
-------+----------+-------------------------------------------
     0 | D:1      | jasper the Demonspawn Earth Elementalist began the quest
                  | for the Orb.
     0 | D:1      | Reached XP level 1. HP: 13/13 MP: 3/3
   230 | D:1      | Gained mutation: You are partially covered in icy blue
                  | scales. (AC +2) [demonic ancestry]
   230 | D:1      | Reached XP level 2. HP: 19/19 MP: 1/5
   912 | D:1      | Gained mutation: You regenerate magic rapidly. [demonic
                  | ancestry]
   912 | D:1      | Reached XP level 3. HP: 24/24 MP: 4/7
   915 | D:1      | Learned a level 2 spell: Passwall
   919 | D:1      | Learned a level 3 spell: Stone Arrow
  1171 | D:2      | Reached XP level 4. HP: 30/30 MP: 8/8
  1188 | D:2      | Found a faded altar of an unknown god.
  1887 | D:3      | Learned a level 2 spell: Blink
  1997 | D:3      | Found Gisu's Magic Scroll Shop.
  2005 | D:3      | Bought a scroll of identify for 28 gold pieces
  2005 | D:3      | Bought a scroll of fear for 56 gold pieces
  2005 | D:3      | Bought a scroll of teleportation for 42 gold pieces
  2005 | D:3      | Bought a scroll of immolation for 56 gold pieces
  2403 | D:4      | Noticed a phantom
  2411 | D:4      | Killed a phantom
  2412 | D:4      | Gained mutation: You are mostly covered in icy blue scales.
                  | (AC +3) [demonic ancestry]
  2412 | D:4      | Reached XP level 5. HP: 31/35 MP: 11/11
  2436 | D:4      | Learned a level 3 spell: Mephitic Cloud
  2602 | D:4      | Noticed a phantom
  2616 | D:4      | Killed a phantom
  2617 | D:4      | Reached skill level 1 in Conjurations
  2617 | D:4      | Reached skill level 1 in Air Magic
  2617 | D:4      | Reached skill level 1 in Poison Magic
  2617 | D:4      | Reached XP level 6. HP: 41/41 MP: 12/12
  2632 | D:4      | Found a glowing drain.
  2638 | D:4      | Reached skill level 1 in Translocations
  2666 | Sewer    | Entered a sewer
  2859 | Sewer    | Engulfed by a cloud of flame

Illustrated notes

Levels and vault maps discovered:
D:1:      dpeg_arrival_more_subterranean_lakeside_camping, layout_basic,
          minmay_tromino_v4_a
D:2:      layout_loops_cross, shapermc_ecumenical_altar_mp_urbaneastern
D:3:      layout_basic, serial_shops, shop, serial_bayou_pond_b
D:4:      minmay_diamond_boxcup, layout_basic, kennysheep_mini,
          nicolae_qazlal_general_emergency, cheibrodos_sewer_entry_sluice
Sewer:    sewer_minmay_treatment

Skill      XL: |  1  2  3  4  5  6 |
---------------+-------------------+-----
Earth Magic    | 3 4 |  4.4
Spellcasting   | 3 4 |  4.4
Conjurations   | 1 |  1.8
Air Magic      | 1 |  1.7
Poison Magic   | 1 |  1.7
Translocations | 1 |  1.5
Dodging        | |  1.7
Stealth        | |  1.7
Transmutations | |  0.8

Action                     |  1- 3 |  4- 6 || total
---------------------------+-------+-------++-------
  Melee: Unarmed           |     6 |       ||     6
   Cast: Sandblast         |    53 |   102 ||   155
         Mephitic Cloud    |       |     1 ||     1
    Use: Scroll            |       |    12 ||    12
 Armour: Robe              |    23 |    44 ||    67
  Dodge: Dodged            |    34 |    54 ||    88

Table legend: (Time is in decaauts)
 A = Elapsed time spent in this place.
 B = Non-inter-level travel time spent in this place.
 C = Inter-level travel time spent in this place.
 D = Time resting spent in this place.
 E = Time spent auto-exploring this place.
 F = Levels seen in this place.
 G = Mean time per level.
                   A        B        C        D        E       F      G
               +--------+--------+--------+--------+--------+-----+--------+
         Total |   2936 |   2885 |     51 |      0 |   2262 |   5 |  587.2 |
       Dungeon |   2729 |   2678 |     51 |      0 |   2125 |   4 |  682.2 |
         Sewer |    207 |    207 |      0 |      0 |    137 |   1 |  207.0 |
               +--------+--------+--------+--------+--------+-----+--------+

Top non-repeatable levels by time:
     D:1: 1076 daAuts
     D:2: 689 daAuts
     D:3: 668 daAuts
     D:4: 295 daAuts
   Sewer: 207 daAuts
